 Dungeon Crawl Stone Soup version 0.31-a0-879-g1609e0ac53 (webtiles) character file.

Game seed: 3759626525881802321

116 Pooter the Shooter (level 4, 0/40 HPs)
             Began as a Minotaur Hunter on Oct 14, 2023.
             Slain by Grinder (6 damage)
             ... on level 3 of the Dungeon.
             The game lasted 00:10:11 (1853 turns).

Pooter the Shooter (Minotaur Hunter)                Turns: 1853, Time: 00:10:11

Health: 0/40       AC:  5    Str: 18    XL:     4   Next: 69%
Magic:  3/3        EV: 11    Int:  6    God:
Gold:   48         SH:  5    Dex: 13    Spells: 3/3 levels left

rFire   . . .        a - +0 war axe
rCold   . . .        (no shield)
rNeg    . . .        k - +0 ring mail
rPois   .            (helmet restricted)
rElec   .            (no cloak)
rCorr   .            (no gloves)
SInv    +            (no boots)
Will    .....        f - amulet of reflection
Stlth   +            S - ring of see invisible
HPRegen 0.26/turn    (no ring)
MPRegen 0.08/turn

%: reflection
@: no status effects
A: horns 2, retaliatory headbutt
a: no special abilities


You were on level 3 of the Dungeon.
You visited 1 branch of the dungeon, and saw 3 of its levels.

You collected 156 gold pieces.
You spent 108 gold pieces at shops.

Inventory:

Hand Weapons
 a - a +0 war axe (weapon)
   (You found it on level 2 of the Dungeon)
 b - a +0 shortbow
 j - a +0 short sword
   (You took it off a kobold on level 1 of the Dungeon)
 m - a +0 spear
   (You found it on level 2 of the Dungeon)
Missiles
 h - 2 boomerangs
 l - 12 poisoned darts (quivered)
Armour
 k - a +0 ring mail (worn)
   (You found it on level 1 of the Dungeon)
Jewellery
 f - an amulet of reflection (around neck)
   (You found it on level 1 of the Dungeon)
 S - a ring of see invisible (left hand)
   (You found it on level 1 of the Dungeon)
Scrolls
 c - a scroll of butterflies
 d - 2 scrolls of immolation {!r}
 n - 2 scrolls of vulnerability {unknown}
 p - a scroll of acquirement {unknown}
 q - 2 scrolls of fog
 t - a scroll of teleportation {@r4}
Potions
 e - a potion of heal wounds {unknown}
 g - a potion of mutation {!q}
 i - 2 potions of curing {unknown}
 o - a potion of might {unknown}


   Skills:
 + Level 3.7 Fighting
 * Level 2.0 Axes
 * Level 5.8 Ranged Weapons
 - Level 2.1 Dodging
 - Level 0.7 Stealth


You had 3 spell levels left.
You didn't know any spells.
Your spell library was empty.

Dungeon Overview and Level Annotations

Branches:
Dungeon (3/15) Zot: 16121

Altars:

Shops:
D:2 ?

Annotations:
D:3 Grinder


Innate Abilities, Weirdness & Mutations

You have a pair of horns on your head.
You reflexively headbutt those who attack you in melee.


Message History

Found a stone staircase leading up.
a - a +0 war axe (weapon)
Found 13 gold pieces.
You now have enough gold to buy a scroll of teleportation on D:2, or buy a scroll of immolation on D:2.
You can access your shopping list by pressing '$'.
You now have 48 gold pieces (gained 13).
A ball python comes into view.
The ball python hisses angrily.
You closely miss the ball python.
The ball python bites you but does no damage.
The ball python barely misses you. The ball python closely misses you.
You furiously retaliate!
You headbutt the ball python, but do no damage.
The ball python grabs you. The ball python constricts you.
You barely miss the ball python. The ball python barely misses you.
The ball python constricts you.
You hit the ball python. The ball python closely misses you.
The ball python constricts you. The ball python bites you.
The ball python constricts you.
You slash the ball python!
You kill the ball python!
b - a +0 shortbow (weapon)
Found a book of Dreams.
Grinder comes into view.
You see here a book of Dreams.
Okay, then.
Unknown command.
a - a +0 war axe (weapon)
You hit Grinder.
Grinder blinks!
You slash Grinder! You headbutt Grinder. Grinder gestures at you.
You suddenly lose the ability to move!
Grinder hits you but does no damage. x3
You can move again.
You barely miss Grinder. Grinder gestures at you.
Pain shoots through your body!
Grinder blinks!
You closely miss Grinder. You block Grinder's attack.
You completely miss Grinder. Your headbutt misses Grinder.
Grinder hits you but does no damage. Grinder hits you!
* * * LOW HITPOINT WARNING * * *
You writhe in agony.
* * * LOW HITPOINT WARNING * * *
You are too injured to fight recklessly!
You are too injured to fight recklessly!
You closely miss Grinder. You headbutt Grinder. Grinder hits you!
* * * LOW HITPOINT WARNING * * *
You writhe in agony.
You die...
Grinder says, "Now the real fun starts!"

#. #######. ........
#######. ## # ##+## #
#.#####...# # #.#...#..#
####### #
#.....#@######.....#####
#...:5....##.###......
#.#######.##.#########
#.# #.##........# #.#
#.#########.# #.# #.#
#.# #.#######.# #.#
#.........# #.#
#..#####..# ######.##


You could see Grinder.

Vanquished Creatures
  5 adders (D:2)
  2 dart slugs (D:2)
  3 orcs (D:3)
  7 endoplasms
  A giant cockroach (D:1)
  7 goblins
  6 hobgoblins
  6 kobolds
  5 quokkas
  5 ball pythons
  4 bats
  4 frilled lizards
  4 rats (D:1)
59 creatures vanquished.

Notes
Turn   | Place    | Note
-------+----------+-------------------------------------------
     0 | D:1      | Pooter the Minotaur Hunter began the quest for the Orb.
     0 | D:1      | Reached XP level 1. HP: 18/18 MP: 0/0
   187 | D:1      | Reached XP level 2. HP: 25/25 MP: 1/1
   247 | D:1      | Reached skill level 5 in Ranged Weapons
   512 | D:2      | Reached XP level 3. HP: 31/31 MP: 2/2
   545 | D:2      | Found Ledoak's Magic Scroll Shoppe.
   560 | D:2      | Bought a scroll of identify for 24 gold pieces
   926 | D:2      | Reached skill level 1 in Axes
   926 | D:2      | Reached XP level 4. HP: 38/38 MP: 3/3
  1351 | D:2      | Bought a scroll of fog for 48 gold pieces
  1351 | D:2      | Bought a scroll of teleportation for 36 gold pieces
  1842 | D:3      | Noticed Grinder
  1846 | D:3      | Paralysed by Grinder for 4 turns
  1853 | D:3      | Slain by Grinder

Illustrated notes

Levels and vault maps discovered:
D:1:      ldierk_walled_garden_2, layout_rooms, minmay_vboxes
D:2:      layout_loops_corners, serial_shops, shop, serial_bayou_pond_d
D:3:      layout_loops_ring, nicolae_wu_jian_wuxing_cycle, cheibriados_altar_1,
          nicolae_hepliaklqana_ecumenical_no_more, uniq_grinder

Skill      XL: |  1  2  3  4 |
---------------+-------------+-----
Fighting       | 3 |  3.7
Ranged Weapons | 5 |  5.8
Axes           | 1 2 |  2.0
Dodging        | |  2.1
Stealth        | |  0.7

Action                     |  1- 3 |  4- 6 || total
---------------------------+-------+-------++-------
  Melee: Unarmed           |    34 |       ||    34
         Headbutt          |     9 |     4 ||    13
         Short sword       |     1 |       ||     1
         Punch             |     1 |       ||     1
         War axe           |     7 |    34 ||    41
   Fire: Shortbow          |    77 |    23 ||   100
    Use: Scroll            |     2 |       ||     2
 Armour: Leather armour    |    13 |       ||    13
         Ring mail         |    12 |    32 ||    44
  Dodge: Dodged            |    25 |    23 ||    48
  Block: Other             |    19 |     9 ||    28
         Reflection        |     1 |       ||     1

Table legend: (Time is in decaauts)
 A = Elapsed time spent in this place.
 B = Non-inter-level travel time spent in this place.
 C = Inter-level travel time spent in this place.
 D = Time resting spent in this place.
 E = Time spent auto-exploring this place.
 F = Levels seen in this place.
 G = Mean time per level.
                   A        B        C        D        E       F      G
               +--------+--------+--------+--------+--------+-----+--------+
         Total |   1877 |   1780 |     97 |    104 |   1276 |   3 |  625.7 |
       Dungeon |   1877 |   1780 |     97 |    104 |   1276 |   3 |  625.7 |
               +--------+--------+--------+--------+--------+-----+--------+

Top non-repeatable levels by time:
     D:2: 1098 daAuts
     D:1: 511 daAuts
     D:3: 267 daAuts
